 Dungeon Crawl Stone Soup version 0.19.1-1-g22dce08 (webtiles) character file.

98 Jynx the Covered (level 4, -4/28 HPs)
             Began as a Tengu Fighter on Jan 17, 2017.
             Was an Initiate of Okawaru.
             Slain by a gnoll
             ... wielding a +0 halberd
              (8 damage)
             ... on level 3 of the Dungeon.
             The game lasted 00:03:59 (1616 turns).

Jynx the Covered (Tengu Fighter)                    Turns: 1616, Time: 00:04:00

Health: -4/28      AC:  9    Str: 16    XL:     4   Next: 71%
Magic:  5/5        EV:  2    Int: 10    God:    Okawaru [......]
Gold:   159        SH: 13    Dex: 13    Spells: 0 memorised, 3 levels left

rFire  . . .     SeeInvis .     a - +0 long sword
rCold  . . .     Gourm    .     l - +0 chain mail
rNeg   . . .     Faith    .     g - +0 large shield
rPois  .         Spirit   .     (helmet restricted)
rElec  .         Reflect  .     (no cloak)
rCorr  .         Harm     .     (no gloves)
MR     .....                    (boots unavailable)
Stlth  ..........               (no amulet)
                                (no ring)
                                (no ring)

@: no status effects
A: beak, talons 3
a: Renounce Religion


You were on level 3 of the Dungeon.
You worshipped Okawaru.
Okawaru was noncommittal.
You were hungry.

You visited 1 branch of the dungeon, and saw 3 of its levels.

You collected 159 gold pieces.

Inventory:

Hand Weapons
 a - a +0 long sword (weapon)
Armour
 c - a +0 shield
 g - a +0 large shield (worn)
 l - a +0 chain mail (worn)
Scrolls
 h - a scroll of enchant armour {unknown}
 j - a scroll of fear {unknown}
 m - 2 scrolls of immolation {unknown}
 p - a scroll of recharging {unknown}
 t - a scroll of enchant weapon {unknown}
 u - a scroll of teleportation {unknown}
 v - a scroll of identify {unknown}
Potions
 b - 4 potions of curing {unknown}
 d - 2 potions of might
 e - a potion of degeneration {unknown}
 k - a potion of haste {unknown}
 n - 2 potions of mutation {unknown}
 q - a potion of brilliance {unknown}
 r - a potion of berserk rage {unknown}
 s - a potion of heal wounds {unknown}
Comestibles
 f - 3 bread rations
 i - 2 fruits
 o - a meat ration


   Skills:
 + Level 3.5 Fighting
 + Level 3.1 Long Blades
 + Level 4.0 Armour
 + Level 3.9 Shields


You had 3 spell levels left.
You didn't know any spells.

Dungeon Overview and Level Annotations

Branches:
Dungeon (3/15)

Altars:
Okawaru


Innate Abilities, Weirdness & Mutations

You have a beak for a mouth.
You have claws for feet.


Message History

A gnoll comes into view. It is wielding a halberd.
The gnoll shouts!
The gnoll moves out of view. 2 gnolls come into view.
The gnoll shouts! x2
You see here a bubbling brown potion.
The gnoll hits you with a halberd.
Your shield prevents you from hitting the gnoll.
Your kick misses the gnoll. You block the gnoll's attack.
The gnoll hits you with a halberd!
Ouch! That really hurt!
The gnoll hits you from afar with a spear.
* * * LOW HITPOINT WARNING * * *
You slash the gnoll! Your peck misses the gnoll.
The gnoll is heavily wounded.
The gnoll barely misses you. You block the gnoll's attack.
You hit the gnoll. You peck the gnoll, but do no damage.
The gnoll is almost dead.
The gnoll hits you with a halberd!
You die...

#(. .# #.# .# ###.# .#
############.#.##
.#####
##............... ..g..
....†######.#.#.# ..g
##.#<######.#.#.#####.#
#.#............@ggg!.#
#.############.#####.#
#.# #... .# #.# ##....
.. #(# .######. #.# .#
.# .# # .#


You could see 3 gnolls.

Vanquished Creatures
  5 adders (D:2)
  3 oozes
  A worm (D:3)
  A dart slug (D:2)
  A ball python (D:2)
  2 giant cockroaches
  3 hobgoblins
  A quokka (D:2)
  10 bats
  4 frilled lizards
  A goblin (D:1)
  5 kobolds
  4 rats
41 creatures vanquished.

Notes
Turn   | Place    | Note
-------+----------+-------------------------------------------
     0 | D:1      | Jynx the Tengu Fighter began the quest for the Orb.
     0 | D:1      | Reached XP level 1. HP: 14/14 MP: 2/2
   126 | D:1      | Reached XP level 2. HP: 13/19 MP: 3/3
   715 | D:2      | Reached XP level 3. HP: 22/23 MP: 4/4
   859 | D:2      | Reached XP level 4. HP: 22/28 MP: 5/5
   971 | D:2      | Found an iron altar of Okawaru.
  1000 | D:2      | Became a worshipper of Warmaster Okawaru
  1039 | D:2      | Reached skill level 4 in Armour
  1616 | D:3      | Slain by a gnoll

Skill      XL: |  1  2  3  4 |
---------------+-------------+-----
Armour         | 4 |  4.0
Long Blades    | 3 |  3.1
Fighting       | |  3.5
Shields        | |  3.9

Action                   |  1- 3 |  4- 6 || total
-------------------------+-------+-------++-------
Melee: Long sword        |    74 |    66 ||   140
       Peck              |    12 |    11 ||    23
       Kick              |    13 |    14 ||    27
  Eat: Chunk             |       |     2 ||     2
Armor: Scale mail        |    12 |       ||    12
       Chain mail        |    29 |    30 ||    59
Dodge: Dodged            |    12 |     8 ||    20
Block: Shield            |    23 |       ||    23
       Large shield      |    40 |    54 ||    94
       Rpst.: Long sword |     3 |     1 ||     4
